 Dungeon Crawl Stone Soup version 0.18.1-50-g88ac8fd (webtiles) character file.

58 Gargoyl the Skirmisher (level 3, 0/29 HPs)
             Began as a Demonspawn Abyssal Knight on Oct 1, 2016.
             Was a Believer of Lugonu.
             Slain by Robin
             ... wielding a +2 trident of piercing
              (2 damage)
             ... on level 2 of the Dungeon.
             The game lasted 00:02:12 (1376 turns).

Gargoyl the Skirmisher (Demonspawn Abyssal Knight)  Turns: 1376, Time: 00:02:13

Health: 0/29       AC:  8    Str: 18    XL:     3   Next: 76%
Magic:  5/5        EV: 11    Int: 13    God:    Lugonu [**....]
Gold:   127        SH:  3    Dex: 12    Spells: 0 memorised, 2 levels left

rFire  . . .     SeeInvis .     o - +1 hand axe (chop)
rCold  . . .     Gourm    .     b - +0 leather armour
rNeg   . . .     Faith    .     g - +0 buckler
rPois  .         Spirit   .     (no helmet)
rElec  .         Dismiss  .     (no cloak)
rCorr  .         Reflect  .     (no gloves)
SustAt .         Harm     .     f - +2 pair of boots
MR     .....                    (no amulet)
Stlth  +.........               (no ring)
                                (no ring)

@: mighty, not resistant to hostile enchantments, very unstealthy
A: thin metallic scales 1
a: Depart the Abyss, Bend Space, Renounce Religion


You were on level 2 of the Dungeon.
You worshipped Lugonu.
Lugonu was pleased with you.
You were not hungry.

You visited 1 branch of the dungeon, and saw 2 of its levels.
You visited the Abyss 1 time.

You collected 127 gold pieces.

Inventory:

Hand Weapons
 a - a +1 hand axe
 o - a +1 hand axe of chopping (weapon)
Armour
 b - a +0 leather armour (worn)
 f - a +2 pair of boots (worn)
 g - a +0 buckler (worn)
Scrolls
 e - a scroll of remove curse
 h - a scroll of identify {unknown}
Potions
 i - 2 potions of curing {unknown}
 j - a potion of might
 k - a potion of agility {unknown}
 l - a potion of heal wounds {unknown}
 m - a potion of cancellation {unknown}
 n - a potion of brilliance {unknown}
 p - a potion of invisibility {unknown}
Comestibles
 c - a bread ration
 d - 4 fruits


   Skills:
 + Level 3.6 Fighting
 + Level 2.1 Axes
 * Level 2.4 Armour
 + Level 1.3 Dodging
 + Level 0.1 Shields
 * Level 2.9 Invocations


You had 2 spell levels left.
You didn't know any spells.

Dungeon Overview and Level Annotations

Branches:
Dungeon (2/15)

Altars:

Annotations:
D:2 Robin


Innate Abilities, Weirdness & Mutations

You are partially covered in thin metallic scales (AC +2).


Message History

You hit Robin.
Robin is moderately wounded.
You closely miss the goblin. You hit the giant gecko.
You kill the giant gecko!
Lugonu accepts your kill.
You can now bend space around yourself.
Robin misses you. The goblin barely misses you.
Unknown command.
You hit Robin but do no damage.
Robin is moderately wounded.
You hit the goblin.
You kill the goblin!
Lugonu accepts your kill. Robin barely misses you.
Unknown command.
Drink which item? (? for menu, Esc to quit)
It was a potion of might.
You feel very mighty all of a sudden.
Robin hits you with a trident of piercing.
* * * LOW HITPOINT WARNING * * *
You die...

#<# #.# #.# ###
#.#.# #.. ###.#.#
#.# #.#.#.######
#.# #..........#
#g# #.#........#
#@#####..........#
#†)..........)....
#>................
#.#########....###
#.# #....# ...
#....# ....
#...... ....[.
##...### ##.....
.....


You could see Robin.

Vanquished Creatures
  2 adders
  2 dart slugs (D:1)
  2 giant geckos (D:2)
  2 bats (D:1)
  A giant cockroach (D:1)
  5 hobgoblins
  A jackal (D:1)
  2 kobolds (D:1)
  3 giant newts (D:1)
  7 goblins
  6 rats
33 creatures vanquished.

Vanquished Creatures (others)
  A lurking horror (Abyss:3)
1 creature vanquished.

Grand Total: 34 creatures vanquished

Notes
Turn   | Place    | Note
--------------------------------------------------------------
     0 | Abyss:1  | Gargoyl the Demonspawn Abyssal Knight began the quest for the Orb.
     0 | Abyss:1  | Reached XP level 1. HP: 18/18 MP: 2/2
    88 | Abyss:1  | Noticed a raiju
   204 | Abyss:3  | Noticed an ophan
   205 | D:1      | Escaped the Abyss
   599 | D:1      | Gained mutation: You are partially covered in thin metallic scales (AC +2). [demonic ancestry]
   599 | D:1      | Reached XP level 2. HP: 18/24 MP: 3/3
   815 | D:1      | Reached * piety under Lugonu
   908 | D:1      | Reached skill level 1 in Dodging
   974 | D:1      | Reached XP level 3. HP: 29/29 MP: 5/5
  1363 | D:2      | Noticed Robin
  1374 | D:2      | Reached ** piety under Lugonu
  1376 | D:2      | Slain by Robin

Skill      XL: |  1  2 |
---------------+-------+-----
Armour         | 2 |  2.4
Axes           | 2 |  2.1
Dodging        | 1 |  1.3
Fighting       | |  3.6
Shields        | |  0.1
Invocations    | |  2.9

Action                   || total
-------------------------++-------
Melee: Hand axe          ||    97
Invok: Depart the Abyss  ||     1
  Use: Scroll            ||     1
       Potion            ||     1
  Eat: Chunk             ||     2
Armor: Leather armour    ||    56
Dodge: Dodged            ||    70
Block: Buckler           ||    14
